Map: Odyssey LE

Players

Florencio - Winner!

  • Race: Protoss Protoss
  • League: Diamond
  • Spawn Location: 5:00

cmizzles

  • Race: Terran Terran
  • League: Diamond
  • Spawn Location: 11:00

VOD

Have the link to the VOD?

Description

Time

  • Played on: Jan. 2, 2018, 9:16 p.m.
  • Length: 4:30
Show
View Real Time Build Order
Export as new Build Order

Florencio Protoss - Winner!

Build Orders: 1 Gate Expand 

Get SALT Encoding   

  12  0:00  Probe (Chrono Boost)  
  13  0:13  Probe (Chrono Boost)  
  14  0:17  Pylon  
  14  0:20  Probe (Chrono Boost)  
  15  0:35  Probe  
  16  0:38  Gateway  
  16  0:47  Probe  
  17  1:02  Pylon  
  17  1:10  Pylon  
  17  1:15  Pylon  
  17  1:23  Pylon  
  17  1:32  Nexus  
  17  1:36  Zealot (Chrono Boost)  
  19  1:53  Forge  
  19  1:57  Zealot (Chrono Boost)  
  20  2:03  Pylon  
  20  2:10  Probe  
  21  2:16  Zealot (Chrono Boost)  
  21  2:22  Probe  
  24  2:38  Zealot  
  22  3:43  Probe  
  22  3:44  Zealot  
  25  3:55  Probe  
Show
View Real Time Build Order
Export as new Build Order

cmizzles Terran 

Build Orders: Reaper Expand 

Get SALT Encoding   

  12  0:00  SCV  
  13  0:12  SCV  
  14  0:17  Supply Depot  
  14  0:25  SCV  
  15  0:39  Barracks, SCV  
  16  0:46  Refinery  
  16  0:51  SCV  
  17  1:25  SCV  
  18  1:28  Marine  
  19  1:46  Orbital Command  
  19  1:54  Reaper  
  20  2:09  Command Center  
  20  2:12  SCV  
  21  2:25  SCV  
  21  2:26  Supply Depot  
  21  2:27  Barracks Tech Lab  
  22  2:37  SCV  
  22  2:41  Bunker  
  23  2:48  Marauder  
  18  3:25  Supply Depot  
Tags
 
Add a new tag
Caveats
  • Supply blocks, unpowered buildings, or Contaminate may cause inaccurate times.
  • Supply counts are checked every 10 seconds.